 Dungeon Crawl Stone Soup version 0.28-a0-1567-g1695149f81 (webtiles) character file.

Game seed: 16154195784941380761

1966 lessens the Grappler (level 9, -4/67 HPs)
             Began as a Ghoul Wanderer on Jan 19, 2022.
             Was a Follower of Okawaru.
             Slain by an orc warrior (10 damage)
             ... on level 6 of the Dungeon.
             The game lasted 00:10:35 (7783 turns).

lessens the Grappler (Ghoul Wanderer)               Turns: 7783, Time: 00:10:35

Health: -4/67      AC:  5    Str: 23    XL:     9   Next: 19%
Magic:  9/9        EV: 11    Int:  5    God:    Okawaru [*.....]
Gold:   118        SH:  0    Dex:  7    Spells: 9/10 levels left

rFire   . . .      SeeInvis .     - Unarmed
rCold   + . .      Faith    .   (no shield)
rNeg    + + +      Spirit   .   b - +0 leather armour
rPois   ∞          Reflect  .   (no helmet)
rElec   .          Harm     .   y - +0 cloak
rCorr   .          Rampage  .   (no gloves)
Will    .....                   e - +0 pair of boots
Stlth   +.........              (no amulet)
HPRegen 0.00/turn               (no ring)
MPRegen 0.11/turn               (no ring)

@: inhibited regen
A: claws 1, cold resistance 1, negative energy resistance 3, inhibited
regeneration, torment resistance 2
a: Renounce Religion, Heroism


You were on level 6 of the Dungeon.
You worshipped Okawaru.
Okawaru was aware of your devotion.
You visited 2 branches of the dungeon, and saw 7 of its levels.

You collected 189 gold pieces.
You spent 71 gold pieces at shops.

Inventory:

Hand Weapons
 a - a +3 hand axe
Missiles
 d - 164 stones
 l - 2 javelins
 s - 3 silver boomerangs (quivered)
 B - 4 boomerangs
 G - 5 atropa-tipped darts
 H - 5 poisoned darts
Armour
 b - a +0 leather armour (worn)
 e - a +0 pair of boots (worn)
 y - a +0 cloak (worn)
Jewellery
 m - a ring of fire
 q - an amulet of regeneration
 z - an amulet of reflection
Wands
 i - a wand of polymorph (2)
 t - a wand of iceblast (1)
Scrolls
 c - 4 scrolls of teleportation
 f - a scroll of blinking {unknown}
 g - 2 scrolls of enchant weapon {unknown}
 h - a scroll of vulnerability {unknown}
 j - a scroll of fear
 n - a scroll of amnesia {unknown}
 p - 3 scrolls of enchant armour {unknown}
 w - a scroll of silence {unknown}
 x - a scroll of torment {unknown}
 A - a scroll of fog {unknown}
 C - 2 scrolls of noise {unknown}
Potions
 k - 2 potions of attraction
 o - a potion of resistance
 r - a potion of berserk rage
 u - 3 potions of curing
 v - a potion of heal wounds
 D - 2 potions of degeneration {unknown}
 E - 3 potions of haste {unknown}
 F - a potion of ambrosia {unknown}


   Skills:
 - Level 2.1 Fighting
 - Level 1.7 Axes
 + Level 2.6 Dodging
 - Level 1.1 Stealth
 * Level 12.2 Unarmed Combat
 - Level 1.0 Spellcasting
 - Level 2.1 Ice Magic
 - Level 1.0 Invocations
 - Level 1.0 Evocations


You had 9 spell levels left.
You knew the following spells:

 Your Spells              Type           Power      Damage    Failure   Level
a - Freeze                Ice            8%         1d3       22%         1

Your spell library contained the following spells:

 Spells                   Type           Power      Damage    Failure   Level
 Frozen Ramparts          Ice            4%         1d2       56%         3
 Ozocubu's Armour         Ice            2%         N/A       56%         3
 Hailstorm                Conj/Ice       1%         3d3       98%         4
 Irradiate                Conj/Tmut      0%         3d14      100%        5
 Ozocubu's Refrigeration  Ice            1%         4d5       100%        7
 Blade Hands              Tmut           Unusable   N/A       N/A         5
 Dragon Form              Tmut           Unusable   N/A       N/A         7

Dungeon Overview and Level Annotations

Branches:
Dungeon (6/15)             Temple (1/1) D:4

Altars:
Ashenzari
Cheibriados
Elyvilon
Gozag
Hepliaklqana
Kikubaaqudgha
Makhleb
Nemelex Xobeh
Okawaru
Qazlal
Ru
Sif Muna
Vehumet
Xom
Yredelemnul
Zin
The Shining One
Ignis

Shops:
D:1 (?   D:2 *?


Innate Abilities, Weirdness & Mutations

You thrive by killing the living.
You are immune to poison.
You have sharp fingernails.
Your flesh is cold resistant. (rC+)
You are immune to negative energy. (rN+++)
You do not regenerate when monsters are visible.
You are immune to unholy pain and torment.


Message History

The shadow imp shouts, "Back with thee, thou decaying spleeny flesh wound!"
The orc shouts!
The orc moves out of view.
A shadow imp is nearby!
A shadow imp is nearby!
An orc warrior comes into view. It is wielding a +0 halberd.
An orc comes into view. It is wielding a +0 hand axe.
Found 8 gold pieces.
The orc warrior shouts!
The orc shouts!
Found a potion of curing.
The shadow imp hits you. The orc hits you but does no damage.
You closely miss the shadow imp. The shadow imp barely misses you.
The orc barely misses you.
The shadow imp hits you but does no damage.
There is an escape hatch in the floor here.
You scratch the shadow imp.
The shadow imp is moderately wounded.
You claw the shadow imp!
You kill the shadow imp!
Okawaru accepts your kill.
The orc warrior hits you from afar with a +0 halberd!
The orc warrior hits you with a +0 halberd!
There is an escape hatch in the floor here.
You closely miss the orc warrior.
The orc warrior hits you with a +0 halberd!
You completely miss the orc warrior. You barely miss the orc warrior.
The orc warrior barely misses you.
You scratch the orc warrior but do no damage.
The orc warrior hits you but does no damage.
You closely miss the orc warrior.
The orc warrior hits you with a +0 halberd!
The orc warrior hits you from afar with a +0 halberd!
* * * LOW HITPOINT WARNING * * *
There is an open door here.
There is an open door here.
The orc warrior hits you from afar with a +0 halberd!
* * * LOW HITPOINT WARNING * * *
There is a stone staircase leading up here.
The orc warrior hits you from afar with a +0 halberd!
You die...

##..........## ..##
#...........# ...###
#..........## ### ...<.#
#.........o### #..# ...).##
#............#######....
......# #........o#............
......####.......o#####.....#..
..................# ##o..## #
.........###....@## ##...# #
.......### ##....# #####o.#####
........# ###### ##...#.....+.
........# ###.....#...##.
........# ##........#.##..
........# #........o#..###
#......## #..........#.#.#
###..### #........o..##.. #..#
#........o..+...


You could see an orc warrior and 2 orcs.

Vanquished Creatures
  A troll (D:6)
  Grinder (D:6)
  Duvessa (D:6)
  An ice beast (D:6)
  2 necrophages
  A centaur (D:6)
  A wolf (D:3)
  An ogre (D:6)
  A phantom (D:4)
  A bullfrog (D:6)
  2 scorpions
  A water moccasin zombie (D:5)
  A water moccasin skeleton (D:6)
  Dowan (D:6)
  A bullfrog zombie (D:5)
  4 jellies
  A centaur skeleton (D:5)
  Natasha (thrice) (D:2)
  An orc wizard (D:6)
  A killer bee zombie (D:5)
  A hound skeleton (D:5)
  6 gnolls
  7 adders
  A shadow imp (D:6)
  A white imp (D:5)
  3 worms (D:4)
  4 dart slugs
  9 orcs
  6 bats
  3 endoplasms
  A giant cockroach (D:2)
  4 goblins
  5 hobgoblins
  5 quokkas
  4 ball pythons
  7 frilled lizards
  7 kobolds
  4 rats
105 creatures vanquished.

Notes
Turn   | Place    | Note
-------+----------+-------------------------------------------
     0 | D:1      | lessens the Ghoul Wanderer began the quest for the Orb.
     0 | D:1      | lessens set off with the following items: a +3 hand axe, a
                  | +0 leather armour; and the following spell memorised:
                  | Freeze; and the following spells available to memorise:
                  | Frozen Ramparts
     0 | D:1      | Reached XP level 1. HP: 17/17 MP: 1/1
    26 | D:1      | Found Pexzik's Magic Scroll Shop.
   111 | D:1      | Reached skill level 1 in Unarmed Combat
   225 | D:1      | Reached XP level 2. HP: 24/24 MP: 2/2
   290 | D:1      | Reached skill level 2 in Unarmed Combat
   297 | D:1      | Found Pegelem's Weapon Shop.
   550 | D:2      | Found Rezimas's General Store.
   558 | D:2      | Reached XP level 3. HP: 29/29 MP: 3/3
   585 | D:2      | Reached skill level 3 in Unarmed Combat
  1118 | D:2      | Found a faded altar of an unknown god.
  1142 | D:2      | Noticed Natasha
  1146 | D:2      | Killed Natasha
  1147 | D:2      | Reached skill level 4 in Unarmed Combat
  1147 | D:2      | Reached XP level 4. HP: 35/36 MP: 4/4
  1191 | D:2      | Noticed Natasha
  1208 | D:2      | Killed Natasha
  1614 | D:2      | Noticed Natasha
  1622 | D:2      | Killed Natasha
  1623 | D:2      | Reached skill level 5 in Unarmed Combat
  1623 | D:2      | Reached XP level 5. HP: 37/41 MP: 5/5
  1750 | D:2      | Found Ofeonuq's Magic Scroll Emporium.
  1755 | D:2      | Bought a scroll of teleportation for 33 gold pieces
  1755 | D:2      | Bought a scroll of fear for 38 gold pieces
  1928 | D:3      | Noticed a wolf
  1932 | D:3      | Killed a wolf
  1933 | D:3      | Reached skill level 6 in Unarmed Combat
  1933 | D:3      | Reached XP level 6. HP: 21/48 MP: 6/6
  2765 | D:4      | Noticed a necrophage
  2869 | D:3      | Killed a necrophage
  2870 | D:3      | Reached skill level 7 in Unarmed Combat
  3439 | D:4      | Reached XP level 7. HP: 7/55 MP: 7/7
  4187 | D:4      | Found a staircase to the Ecumenical Temple.
  4233 | Temple   | Entered the Ecumenical Temple
  4578 | D:4      | Reached skill level 8 in Unarmed Combat
  5000 | D:5      | Entered Level 5 of the Dungeon
  5436 | D:5      | HP: 1/55 [water moccasin zombie (5)]
  5755 | D:5      | Reached skill level 9 in Unarmed Combat
  5758 | D:5      | Found a stormy altar of Qazlal.
  5765 | D:5      | Found a shimmering altar of Xom.
  5788 | D:5      | Found an iron altar of Okawaru.
  5793 | D:5      | Became a worshipper of Warmaster Okawaru
  6998 | D:6      | Noticed Duvessa
  6999 | D:6      | Noticed Dowan
  7004 | D:6      | Killed Duvessa
  7005 | D:6      | Reached XP level 8. HP: 56/61 MP: 8/8
  7011 | D:6      | Reached skill level 10 in Unarmed Combat
  7021 | D:6      | Killed Dowan
  7021 | D:6      | Reached * piety under Okawaru
  7185 | D:6      | Found a sacrificial altar of Ru.
  7254 | D:6      | Reached skill level 11 in Unarmed Combat
  7270 | D:6      | Noticed a troll
  7281 | D:6      | Killed a troll
  7282 | D:6      | Reached skill level 1 in Dodging
  7295 | D:6      | Reached XP level 9. HP: 62/67 MP: 9/9
  7512 | D:6      | Noticed Grinder
  7526 | D:6      | Paralysed by Grinder for 4 turns
  7532 | D:6      | Killed Grinder
  7533 | D:6      | Reached skill level 12 in Unarmed Combat
  7783 | D:6      | Slain by an orc warrior

Illustrated notes

Levels and vault maps discovered:
D:1:      heliophobic_arrival_henge, layout_rooms, serial_shops,
          nicolae_lakefront_shop, nicolae_shop_waterfront,
          amcnicky_mini_rare_corridor_liquid
D:2:      layout_basic, serial_shops, shop, shop_statue, basic_ecumenical_altar,
          minmay_large_rounded_square, uniq_natasha
D:3:      layout_loops_ring, minmay_fractal_squares_diagonal_5
D:4:      layout_basic, minmay_temple_entry_drinking_statues
D:5:      layout_layer_cave, nicolae_overflow_quartered_altars,
          dk_noncrumbling_2, ebering_dispersal_statue_hall
D:6:      nicolae_cairo_tiling_very_big, layout_cave_pods,
          nicolae_ru_great_annihilating_truth, uniq_duvessa, uniq_grinder
Temple:   pdpol_scorched_temple

Skill      XL: |  1  2  3  4  5  6  7  8  9 |
---------------+----------------------------+-----
Unarmed Combat | 1 2 4 5 6 7 9 11 12 | 12.2
Dodging        | 1 2 |  2.6
Fighting       | |  2.1
Axes           | |  1.7
Stealth        | |  1.1
Spellcasting   | |  1.0
Ice Magic      | |  2.1
Invocations    | |  1.0
Evocations     | |  1.0

Action                   |  1- 3 |  4- 6 |  7- 9 || total
-------------------------+-------+-------+-------++-------
Melee: Hand axe          |    65 |   130 |    96 ||   291
       Punch             |       |     5 |     9 ||    14
       Unarmed           |       |       |    87 ||    87
Throw: Boomerang         |       |     4 |       ||     4
 Cast: Freeze            |       |     1 |       ||     1
Evoke: Wand              |       |     1 |     7 ||     8
  Use: Scroll            |       |     4 |     1 ||     5
       Potion            |       |       |     1 ||     1
 Stab: Sleeping          |       |     1 |       ||     1
Armor: Leather armour    |    17 |    46 |    42 ||   105
Dodge: Dodged            |    32 |    89 |   103 ||   224

Table legend: (Time is in decaauts)
 A = Elapsed time spent in this place.
 B = Non-inter-level travel time spent in this place.
 C = Inter-level travel time spent in this place.
 D = Time resting spent in this place.
 E = Time spent auto-exploring this place.
 F = Levels seen in this place.
 G = Mean time per level.
                   A        B        C        D        E       F      G
               +--------+--------+--------+--------+--------+-----+--------+
         Total |   7832 |   7663 |    169 |   1438 |   4868 |   7 | 1118.9 |
       Dungeon |   7774 |   7619 |    155 |   1438 |   4833 |   6 | 1295.7 |
        Temple |     58 |     44 |     14 |      0 |     35 |   1 |   58.0 |
               +--------+--------+--------+--------+--------+-----+--------+

Top non-repeatable levels by time:
     D:4: 1831 daAuts
     D:5: 1644 daAuts
     D:3: 1385 daAuts
     D:2: 1241 daAuts
     D:6: 873 daAuts
     D:1: 797 daAuts
  Temple: 58 daAuts
